AoeStats
← flank steak

Arena

509789402Analyzed
3v3 RM · 5d ago on Sep 28, 2026· 49m 25s· 6 players
Game mode
Random Map
Map size
Normal (6 player)
Population
200
Speed
Normal
Resources
Standard
Victory
Conquest
Starting age
Dark Age
Ending age
Imperial Age
RankedLock teamsTeams togetherTeam positionsShared explorationLock speedFull tech treeHidden civsTurbo modeCheats
Victory
Defeat
🇺🇸 Persians · United States
911
+17
🇺🇸 Muisca · United States
867
+19
🇺🇸 Slavs · United States
864
+19
🇨🇱 Poles · Chile
958
-19
🇨🇱 Bulgarians · Chile
956
-19
🇨🇱 Vikings · Chile
900
-17
Rafiky
3:12 Loom
11:40 Feudal Age
12:15 Double-Bit Axe
15:41 Town Watch
16:36 Gold Mining
19:34 Castle Age
17:47 Horse Collar
18:39 Stone Mining
18:23 Man-at-Arms
23:27 Bow Saw
23:45 Fletching
25:19 Bodkin Arrow
26:42 Scale Mail Armor
27:50 Gold Shaft Mining
27:22 Heavy Plow
29:38 Chain Mail Armor
29:34 Forging
30:23 Forging
32:00 Chieftains
32:06 Squires
35:02 Iron Casting
35:08 Elite Skirmisher
39:38 Imperial Age
39:59 Pikeman
Dodsark
13:29 Feudal Age
14:45 Wheelbarrow
13:56 Horse Collar
14:10 Double-Bit Axe
15:46 Stone Mining
19:29 Castle Age
21:15 Hand Cart
21:57 Bow Saw
21:50 Heavy Plow
22:47 Stone Shaft Mining
22:31 Scale Barding Armor
24:18 Husbandry
24:32 Bloodlines
24:19 Light Cavalry
29:03 Chain Barding Armor
34:51 Imperial Age
36:51 Crop Rotation
36:03 Winged Hussar
38:06 Conscription
38:11 Lechitic Legacy
39:15 Forging
46:14 Elite Obuch
47:37 Cavalier
Dreakaht
8:16 Loom
10:30 Feudal Age
16:18 Castle Age
15:20 Wheelbarrow
14:30 Horse Collar
14:36 Double-Bit Axe
19:56 Wheelbarrow
20:00 Heavy Plow
21:46 Bow Saw
21:37 Gold Mining
21:50 Stone Mining
25:40 Hand Cart
26:08 Forging
26:04 Scale Barding Armor
30:24 Imperial Age
29:18 Town Watch
30:14 Gold Shaft Mining
30:15 Stone Shaft Mining
30:42 Squires
30:28 Elite Konnik
31:28 Conscription
31:59 Town Patrol
32:10 Husbandry
33:26 Conscription
33:26 Bloodlines
35:08 Chain Barding Armor
35:24 Iron Casting
36:07 Plate Barding Armor
37:30 Blast Furnace
38:59 Chemistry
38:20 Ballistics
38:27 Fletching
Puff_Sullivan
10:35 Feudal Age
15:02 Castle Age
14:02 Horse Collar
14:10 Double-Bit Axe
16:00 Loom
16:51 Wheelbarrow
21:49 Bow Saw
27:42 Imperial Age
26:14 Gold Mining
27:30 Herbalism
27:31 Treadmill Crane
28:12 Ballistics
27:57 Padded Archer Armor
27:48 Fletching
27:42 Crossbowman
30:34 Thumb Ring
29:49 Arbalester
30:42 Bodkin Arrow
32:49 Chemistry
32:47 Conscription
32:30 Champi Runner
33:11 Squires
33:27 Champi Warrior
34:50 Elite Champi Warrior
36:12 Gold Shaft Mining
35:39 Heavy Plow
36:23 Forging
36:14 Scale Mail Armor
36:31 Leather Archer Armor
37:36 Pikeman
41:47 Onager
46:57 Bracer
47:12 Chain Mail Armor
48:38 Elite Temple Guard
flank steak
7:59 Loom
11:45 Feudal Age
16:27 Castle Age
14:44 Double-Bit Axe
20:57 Horse Collar
23:47 Bow Saw
26:51 Detinets
27:50 Squires
30:56 Imperial Age
28:22 Gold Mining
28:39 Heavy Plow
31:19 Imperial Age
30:10 Wheelbarrow
30:17 Gold Shaft Mining
29:43 Fletching
29:39 Pikeman
30:38 Murder Holes
31:04 Ballistics
30:50 Scale Mail Armor
32:06 Forging
34:59 Iron Casting
34:58 Siege Engineers
34:18 Heavy Scorpion
35:42 Crop Rotation
37:21 Two-Man Saw
37:47 Druzhina
39:01 Elite Boyar
40:09 Halberdier
42:15 Blast Furnace
41:31 Chain Mail Armor
41:23 Scale Barding Armor
43:16 Chemistry
44:54 Plate Mail Armor
46:25 Chain Barding Armor
47:08 Conscription
49:52 Plate Barding Armor
49:23 Caravan
Skipperdoo
10:28 Feudal Age
14:03 Castle Age
13:10 Double-Bit Axe
13:14 Horse Collar
20:08 Bow Saw
20:07 Heavy Plow
20:59 Wheelbarrow
22:28 Stone Mining
22:29 Gold Mining
24:09 Fletching
28:29 Imperial Age
26:54 Bodkin Arrow
28:00 Hand Cart
28:19 Ballistics
28:36 Crossbowman
29:22 Thumb Ring
31:35 Crop Rotation
32:07 Two-Man Saw
32:18 Scale Barding Armor
32:08 Pikeman
32:49 Squires
32:25 Elite War Elephant
36:45 Forging
37:14 Husbandry
37:25 Bloodlines
37:15 Town Watch
38:20 Gold Shaft Mining
38:23 Stone Shaft Mining
38:47 Conscription
38:57 Chain Barding Armor
39:16 Bloodlines
39:47 Town Patrol
40:35 Plate Barding Armor
40:36 Iron Casting
Connection lost

Rejoining the realm…

Still unreachable

The connection could not be restored.

Session expired

The server has moved on; the page needs a fresh start.